 Dungeon Crawl Stone Soup version 0.29-a0-41-g89e12c0570 (webtiles) character file.

Game seed: 2104791777703252162

106 Grim the Digger (level 4, -7/24 HPs)
             Began as a Deep Elf Earth Elementalist on Feb 2, 2022.
             Mangled by a river rat (9 damage)
             ... in a sewer.
             The game lasted 00:03:12 (2141 turns).

Grim the Digger (Deep Elf Earth Elementalist)       Turns: 2141, Time: 00:03:14

Health: -7/24      AC:  2    Str:  5    XL:     4   Next: 55%
Magic:  9/10       EV: 12    Int: 22    God:
Gold:   68         SH:  0    Dex: 15    Spells: 5/9 levels left

rFire   . . .      SeeInvis .   e - +0 rapier
rCold   . . .      Faith    .   (no shield)
rNeg    . . .      Spirit   .   b - +0 robe
rPois   .          Reflect  .   (no helmet)
rElec   .          Harm     .   (no cloak)
rCorr   .          Rampage  .   (no gloves)
Will    .....                   (no boots)
Stlth   ++........              (no amulet)
HPRegen 0.08/turn               (no ring)
MPRegen 0.12/turn               (no ring)

@: no status effects
A: no striking features
a: no special abilities


You were in a sewer.
You visited 1 branch of the dungeon, and saw 3 of its levels.
You also visited: Sewer.

You collected 68 gold pieces.

Inventory:

Hand Weapons
 e - a +0 rapier (weapon)
Missiles
 c - 13 stones
Armour
 b - a +0 robe (worn)
Scrolls
 a - a scroll of vulnerability {unknown}
 d - 2 scrolls of magic mapping {unknown}
 h - a scroll of teleportation {unknown}
 j - a scroll of fog {unknown}
 m - a scroll of immolation {unknown}
Potions
 f - a potion of mutation {unknown}
 g - a potion of heal wounds {unknown}
 i - a potion of haste {unknown}
 k - a potion of curing {unknown}
 l - a potion of resistance {unknown}


   Skills:
 - Level 2.4 Dodging
 - Level 2.4 Stealth
 - Level 3.0 Spellcasting
 + Level 3.5 Transmutations
 + Level 4.7 Earth Magic


You had 5 spell levels left.
You knew the following spells:

 Your Spells              Type           Power      Damage    Failure   Level
a - Sandblast             Erth           48%        2d12      1%          1
b - Vampiric Draining     Necr           3%         2d6       36%         3

Your spell library contained the following spells:

 Spells                   Type           Power      Damage    Failure   Level
 Passwall                 Tmut/Erth      17%        N/A       3%          2
 Animate Skeleton         Necr           6%         N/A       12%         1
 Pain                     Necr           12%        1d4       12%         1
 Stone Arrow              Conj/Erth      26%        3d8       14%         3
 Petrify                  Tmut/Erth      21%        N/A       22%         4


Dungeon Overview and Level Annotations

Branches:
Dungeon (3/15)              Sewer (1/1)

Altars:


Message History

The river rat barely misses you.
Your unstable footing causes you to fumble your attack.
The rat bites you but does no damage. The river rat barely misses you.
You closely miss the river rat.
The rat splashes around in the water.
The river rat bites you. The rat completely misses you.
You barely miss the river rat. The river rat barely misses you.
The rat splashes around in the water.
You closely miss the river rat. The river rat bites you.
The rat closely misses you. The river rat bites you.
You hit the rat.
You kill the rat!
The river rat closely misses you.
A rat comes into view.
The river rat bites you.
* * * LOW HITPOINT WARNING * * *
The river rat closely misses you.
You hit the river rat.
The river rat is lightly wounded.
The river rat bites you.
* * * LOW HITPOINT WARNING * * *
You hit the river rat but do no damage.
The river rat is lightly wounded.
The river rat closely misses you.
You closely miss the river rat.
The river rat is lightly wounded.
The river rat bites you.
* * * LOW HITPOINT WARNING * * *
You hit the river rat but do no damage.
The river rat is lightly wounded.
The river rat bites you.
* * * LOW HITPOINT WARNING * * *
Casting: Sandblast (safe; 1% risk of failure)
Confirm with . or Enter, or press ? or * to list all spells.
Aiming: Sandblast (safe; 1% risk of failure)
Press: ? - help, Shift-Dir - straight line, f - river rat
Aim: a river rat (lightly wounded, 78% to hit)
The blast of sand hits the river rat!
The river rat is almost dead.
The river rat bites you!
You die...

##≈.## ###≈≈≈.######
#∩∩≈≈≈≈....†.
#############
##########≈≈≈≈≈≈≈≈≈≈
#≈≈≈≈≈≈≈≈≈≈≈≈†≈†.≈.†
#≈≈≈#############..#
#≈≈≈#r# #### ≈≈≈≈≈
#@# ≈.......#
..#######


r You could see a river rat.

Vanquished Creatures
  An iguana (D:2)
  3 adders
  A river rat (Sewer)
  2 dart slugs
  An endoplasm (D:1)
  4 giant cockroaches
  A goblin (D:1)
  2 hobgoblins (D:1)
  3 quokkas
  4 ball pythons
  2 bats
  4 frilled lizards
  7 kobolds
  11 rats
46 creatures vanquished.

Notes
Turn   | Place    | Note
-------+----------+-------------------------------------------
     0 | D:1      | Grim the Deep Elf Earth Elementalist began the quest for
                  | the Orb.
     0 | D:1      | Reached XP level 1. HP: 10/10 MP: 6/6
   333 | D:1      | Reached XP level 2. HP: 10/15 MP: 8/8
  1059 | D:2      | Reached skill level 4 in Earth Magic
  1059 | D:2      | Reached XP level 3. HP: 19/19 MP: 4/9
  1185 | D:2      | Identified the +1 spear of Symmetry {antimagic, rC+ rCorr}
  1743 | D:3      | Learned a level 3 spell: Vampiric Draining
  1761 | D:3      | Found a glowing drain.
  1765 | D:3      | Reached XP level 4. HP: 24/24 MP: 5/10
  1777 | Sewer    | Entered a sewer
  2141 | Sewer    | Mangled by a river rat

Illustrated notes

Levels and vault maps discovered:
D:1:      roderic_dead_forest, layout_loops_ring, serial_bayou_pond_a
D:2:      layout_loops_ring, grunt_decor_junction
D:3:      layout_rooms, tso_oasis_becter, mainiacjoe_overflow_alcove_4,
          shapermc_ecumenical_altar_acropolis, portal_sewer_entry_f
Sewer:    sewer_sea

Skill      XL: |  1  2  3 |
---------------+----------+-----
Transmutations | 2 3 |  3.5
Earth Magic    | 4 |  4.7
Dodging        | |  2.4
Stealth        | |  2.4
Spellcasting   | |  3.0

Action                   |  1- 3 |  4- 6 || total
-------------------------+-------+-------++-------
Melee: Rapier            |    12 |    24 ||    36
       Unarmed           |     1 |       ||     1
 Cast: Sandblast         |    34 |    14 ||    48
 Stab: Sleeping          |     9 |     1 ||    10
Armor: Robe              |     2 |     4 ||     6
Dodge: Dodged            |     8 |    19 ||    27

Table legend: (Time is in decaauts)
 A = Elapsed time spent in this place.
 B = Non-inter-level travel time spent in this place.
 C = Inter-level travel time spent in this place.
 D = Time resting spent in this place.
 E = Time spent auto-exploring this place.
 F = Levels seen in this place.
 G = Mean time per level.
                   A        B        C        D        E       F      G
               +--------+--------+--------+--------+--------+-----+--------+
         Total |   2160 |   2075 |     85 |    426 |   1342 |   4 |  540.0 |
       Dungeon |   1780 |   1695 |     85 |    270 |   1190 |   3 |  593.3 |
         Sewer |    379 |    379 |      0 |    156 |    152 |   1 |  379.0 |
               +--------+--------+--------+--------+--------+-----+--------+

Top non-repeatable levels by time:
     D:1: 902 daAuts
     D:2: 726 daAuts
   Sewer: 379 daAuts
     D:3: 151 daAuts
